 Dungeon Crawl Stone Soup version 0.26-a0-651-gb41185065b (webtiles) character file.

Game seed: 13330580199008885867

177 tof the Ducker (level 5, -1/41 HPs)
             Began as a Demonspawn Gladiator on Oct 26, 2020.
             Slain by Grinder (4 damage)
             ... while paralysed by Grinder
             ... on level 3 of the Dungeon.
             The game lasted 00:04:57 (3107 turns).

tof the Ducker (Demonspawn Gladiator)               Turns: 3107, Time: 00:04:57

Health: -1/41      AC:  9    Str: 15    XL:     5   Next: 30%
Magic:  5/5        EV:  2    Int:  9    God:
Gold:   194        SH:  0    Dex: 15    Spells: 4/4 levels left

rFire    . . .     SeeInvis .   a - +0 quarterstaff
rCold    . . .     Faith    .   (shield currently unavailable)
rNeg     . . .     Spirit   .   b - +0 leather armour
rPois    .         Reflect  +   g - +2 helmet
rElec    .         Harm     .   (no cloak)
rCorr    .         Rampage  .   x - +0 pair of gloves
MR       .....                  (no boots)
Stlth    +.........             f - amulet of reflection
HPRegen  0.13/turn              q - +4 ring of evasion
MPRegen  0.09/turn              (no ring)

@: paralysed
A: molten scales 1, powered by pain 1
a: no special abilities


You were on level 3 of the Dungeon.
You visited 1 branch of the dungeon, and saw 3 of its levels.

You collected 194 gold pieces.

Inventory:

Hand Weapons
 a - a +0 quarterstaff (weapon)
Missiles
 d - a throwing net (quivered)
 h - 10 boomerangs
 v - 17 poisoned darts
Armour
 b - a +0 leather armour (worn)
 c - a +0 helmet
 g - a +2 helmet (worn)
 x - a +0 pair of gloves (worn)
Jewellery
 f - an amulet of reflection (around neck)
 i - an uncursed amulet of faith
 q - a +4 ring of evasion (left hand)
 s - an uncursed ring of ice
 u - a cursed amulet of inaccuracy {unknown}
Scrolls
 e - 6 scrolls of identify {unknown}
 j - 2 scrolls of fog {unknown}
 k - a scroll of magic mapping {unknown}
 l - 2 scrolls of remove curse {unknown}
 m - a scroll of blinking {unknown}
 n - a scroll of amnesia {unknown}
 r - 2 scrolls of teleportation {unknown}
 t - a scroll of fear {unknown}
 w - a scroll of random uselessness {unknown}
Potions
 o - a potion of magic {unknown}
 p - 4 potions of curing {unknown}


   Skills:
 + Level 3.2 Fighting
 + Level 3.5 Staves
 - Level 1.7 Throwing
 + Level 2.1 Armour
 + Level 3.6 Dodging


You had 4 spell levels left.
You didn't know any spells.
Your spell library was empty.

Dungeon Overview and Level Annotations

Branches:
Dungeon (3/15)

Altars:
Qazlal
The Shining One

Annotations:
D:3 Grinder


Innate Abilities, Weirdness & Mutations

You are partially covered in molten scales. (AC +2)
You sometimes gain a little power by taking damage.


Message History

Grinder gestures at you.
You shrug off the repeated paralysis!
The jackal bites you but does no damage.
The jackal bites you.
The jackal bites you but does no damage. x2
The jackal barely misses you. Grinder hits you.
* * * LOW HITPOINT WARNING * * *
You writhe in agony.
* * * LOW HITPOINT WARNING * * *
The jackal bites you but does no damage. x4
The jackal bites you but does no damage. x3
Grinder hits you but does no damage. The jackal barely misses you.
The jackal bites you but does no damage. x2
The jackal bites you.
* * * LOW HITPOINT WARNING * * *
The jackal bites you but does no damage.
Grinder hits you.
* * * LOW HITPOINT WARNING * * *
You writhe in agony.
You die...

[...... #.#.#......#.#.....#....
....... #.#.(......#............
....... #.#.................#...
........##.......####.######.#...
............$........... ......
.............(........... .......
.#....................... ......
.............).h5.^..... .....
...............h@....... .....
..####.........hh....... .....
........................ .....
........................ .....
........................ .....
.(...................... .....
................!....... .....
.)...............................
...####..........................


You could see Grinder and 4 jackals.

Vanquished Creatures
  An orc wizard (D:3)
  A gnoll (D:1)
  3 adders
  A shadow imp (D:3)
  An ooze (D:2)
  3 worms
  A dart slug (D:1)
  5 leopard geckos
  3 orcs (D:3)
  9 giant cockroaches
  6 hobgoblins
  11 kobolds
  A ball python (D:2)
  6 bats
  4 frilled lizards
  11 goblins
  15 rats
82 creatures vanquished.

Notes
Turn   | Place    | Note
-------+----------+-------------------------------------------
     0 | D:1      | tof the Demonspawn Gladiator began the quest for the Orb.
     0 | D:1      | Reached XP level 1. HP: 16/16 MP: 1/1
   511 | D:1      | Gained mutation: You sometimes gain a little power by
                  | taking damage. [demonic ancestry]
   511 | D:1      | Reached XP level 2. HP: 14/22 MP: 2/2
   812 | D:1      | Reached skill level 1 in Armour
   816 | D:1      | Gained mutation: You are partially covered in molten
                  | scales. (AC +2) [demonic ancestry]
   816 | D:1      | Reached XP level 3. HP: 27/28 MP: 3/3
  1634 | D:1      | Reached XP level 4. HP: 31/34 MP: 4/4
  1897 | D:2      | Found a faded altar of an unknown god.
  2017 | D:2      | Found a glowing golden altar of the Shining One.
  2570 | D:3      | Found a stormy altar of Qazlal.
  2703 | D:3      | Reached XP level 5. HP: 38/41 MP: 5/5
  3078 | D:3      | Noticed Grinder
  3101 | D:3      | Paralysed by Grinder for 7 turns
  3107 | D:3      | Slain by Grinder

Illustrated notes

Levels and vault maps discovered:
D:1:      wheals_arrival_linesprint, layout_loops_ring, minmay_close_crescents
D:2:      layout_basic, lemuel_doored_altar, chequers_ecumenical_altar_island
D:3:      layout_basic, nicolae_overflow_crystal_walls, uniq_grinder

Skill      XL: |  1  2  3  4  5 |
---------------+----------------+-----
Staves         | 3 |  3.5
Dodging        | 3 |  3.6
Armour         | 1 2 |  2.1
Fighting       | 3 |  3.2
Throwing       | |  1.7

Action                   |  1- 3 |  4- 6 || total
-------------------------+-------+-------++-------
Melee: Quarterstaff      |   110 |   171 ||   281
Throw: Throwing net      |     2 |     1 ||     3
 Stab: Sleeping          |       |     1 ||     1
Armor: Leather armour    |    38 |    75 ||   113
Dodge: Dodged            |    87 |   141 ||   228
Block: Other             |    26 |    47 ||    73
       Reflection        |     1 |       ||     1

Table legend: (Time is in decaauts)
 A = Elapsed time spent in this place.
 B = Non-inter-level travel time spent in this place.
 C = Inter-level travel time spent in this place.
 D = Time resting spent in this place.
 E = Time spent auto-exploring this place.
 F = Levels seen in this place.
 G = Mean time per level.
                   A        B        C        D        E       F      G
               +--------+--------+--------+--------+--------+-----+--------+
         Total |   3151 |   3078 |     73 |   1097 |   1208 |   3 | 1050.3 |
       Dungeon |   3151 |   3078 |     73 |   1097 |   1208 |   3 | 1050.3 |
               +--------+--------+--------+--------+--------+-----+--------+

Top non-repeatable levels by time:
     D:1: 1833 daAuts
     D:2: 717 daAuts
     D:3: 601 daAuts
